 Dungeon Crawl Stone Soup version 0.22-a0-439-gac93bac (webtiles) character file.

2446 Mgcat the Severer (level 9, -13/108 HPs)
             Began as a Hill Orc Berserker on May 29, 2018.
             Was a Priest of Trog.
             Mangled by an orc warrior
             ... wielding a +0 war axe
              (34 damage)
             ... in a bailey.
             The game lasted 00:08:13 (2931 turns).

Mgcat the Severer (Hill Orc Berserker)              Turns: 2931, Time: 00:08:15

Health: -13/108    AC: 17    Str: 28    XL:     9   Next: 49%
Magic:  9/9        EV:  7    Int:  7    God:    Trog [***...]
Gold:   182        SH:  0    Dex: 10    Spells: 8/8 levels left

rFire    . . .     SeeInvis .   h - +1 war axe
rCold    . . .     Gourm    .   (no shield)
rNeg     . . .     Faith    .   j - +0 plate armour
rPois    .         Spirit   .   a - +0 helmet
rElec    .         Reflect  .   l - +0 cloak
rCorr    .         Harm     .   (no gloves)
MR       .....                  (no boots)
Stlth    ..........             (no amulet)
HPRegen  0.28/turn              g - ring of flight {+Fly, !d}
MPRegen  0.11/turn              (no ring)

@: berserking (expiring), flying, very quick
A: molten scales 1, rugged brown scales 1, shaggy fur 1
a: Berserk, Trog's Hand, Renounce Religion, Stop Flying


You were in a bailey.
You worshipped Trog.
Trog was most pleased with you.
You were very hungry.

You visited 1 branch of the dungeon, and saw 9 of its levels.
You also visited: Bailey.

You collected 182 gold pieces.

Inventory:

Hand Weapons
 h - a +1 war axe (weapon)
   (You found it on level 3 of the Dungeon)
Armour
 a - a +0 helmet (worn)
   (You took it off Robin on level 4 of the Dungeon)
 j - a +0 plate armour (worn)
   (You found it on level 4 of the Dungeon)
 l - a +0 cloak (worn)
   (You found it on level 5 of the Dungeon)
Jewellery
 g - a ring of flight (left hand) {+Fly, !d}
   (You found it in a bailey)
Wands
 n - a wand of polymorph (5)
   (You found it on level 7 of the Dungeon)
Scrolls
 k - a scroll of teleportation
Potions
 b - a potion of cancellation
 m - 2 potions of curing
Comestibles
 c - 10 rations
 d - a chunk of flesh {@w0}


   Skills:
 - Level 3.6 Fighting
 + Level 15.6 Axes
 - Level 2.1 Armour
 - Level 1.5 Dodging


You had 8 spell levels left.
You didn't know any spells.
Your spell library was empty.

Dungeon Overview and Level Annotations

Branches:
Dungeon (9/15)
 Temple: D:4-7         Lair: D:8-11         Orc: D:9-12

Altars:
Dithmenos


Innate Abilities, Weirdness & Mutations

You are partially covered in molten scales. (AC +2)
You are partially covered in rugged brown scales. (AC +1, +3% HP)
You are covered in fur. (AC +1)


Message History

Aim: an orc warrior, wielding a war axe and wearing a chain mail (lightly wounded, unusually strong)
You throw a tomahawk of returning.
The tomahawk of returning hits the goblin.
The goblin is moderately wounded.
You hear a splash.
The tomahawk of returning fails to return to your pack!
Throwing (i - inventory)
e - 2 tomahawks of returning (quivered)
Press: ? - help, Shift-Dir - straight line, f/p - orc warrior
Aim: an orc warrior, wielding a war axe and wearing a chain mail (lightly wounded, unusually strong)
You throw a tomahawk of returning.
The tomahawk of returning barely misses the orc warrior.
The tomahawk of returning hits the kobold!
You kill the kobold!
Trog accepts your kill.
The tomahawk of returning fails to return to your pack!
Throwing (i - inventory)
e - a tomahawk of returning (quivered)
Press: ? - help, Shift-Dir - straight line, f/p - orc warrior
Aim: an orc warrior, wielding a war axe and wearing a chain mail (lightly wounded, unusually strong)
You throw a tomahawk of returning.
The tomahawk of returning hits the orc warrior but does no damage.
The orc warrior is lightly wounded.
The tomahawk of returning fails to return to your pack!
The orc warrior shouts!
The orc warrior no longer looks unusually strong.
Why would you want to do that?
You feel very buoyant.
You fly up into the air.
You feel somewhat more hungry.
The orc warrior no longer looks unusually strong.
The orc knight roars a battlecry!
The orc warriors go into a battle-frenzy!
The orc knight barely misses you.
A red film seems to cover your vision as you go berserk!
You feel yourself moving faster!
You feel mighty!
You are feeling hungry.
The orc warrior shouts!
The orc knight hits you with a war axe!
Your plate armour prevents you from hitting the orc knight.
The orc knight is lightly wounded.
Your plate armour prevents you from hitting the orc knight.
The orc knight is lightly wounded.
You slash the orc knight!
The orc knight is moderately wounded.
You hear a shout!
The orc knight hits you but does no damage.
You closely miss the orc knight.
The orc knight is moderately wounded.
A kobold comes into view.
Your plate armour prevents you from hitting the orc knight.
The orc knight is moderately wounded.
The orc knight hits you with a war axe!!
You hit the orc knight.
The orc knight is moderately wounded.
You slash the orc knight!
The orc knight is heavily wounded.
You closely miss the orc knight.
The orc knight is heavily wounded.
The orc knight hits you with a war axe!
You miss the orc knight.
The orc knight is heavily wounded.
You miss the orc knight.
The orc knight is heavily wounded.
The orc knight hits you with a war axe.
You hit the orc knight.
The orc knight is severely wounded.
You slice the orc knight!!
You kill the orc knight!
Trog accepts your kill.
Your Axes skill increases to level 15!
You slice the kobold!!
You feel the power of Trog in you as your rage grows.
You kill the kobold!
Trog accepts your kill.
You slice the orc warrior!!
The orc warrior is severely wounded.
You slash the orc warrior!
You kill the orc warrior!
Trog accepts your kill.
You closely miss the kobold.
You are feeling very hungry.
You slice the kobold!!
You kill the kobold!
Trog accepts your kill.
You slash the goblin!
You kill the goblin!
Trog accepts your kill.
You hit the orc warrior.
The orc warrior is moderately wounded.
You closely miss the orc warrior.
The orc warrior is moderately wounded.
The orc warrior hits you with a war axe!!
* * * LOW HITPOINT WARNING * * *
You hit the orc warrior.
The orc warrior is heavily wounded.
The kobold throws a tomahawk of returning.
The tomahawk of returning barely misses you.
The weapon returns to the kobold!
You slash the orc warrior!
The orc warrior is severely wounded.
The orc warrior hits you with a war axe!!
You die...

... '## ..⌠. ..# ...... ..#
##.....# ..#### .+
≈#.....(###Kooo .o .# #
≈≈≈≈≈..((K#KK####'#### .#.≈
≈≈≈≈≈≈≈≈Ko####..oo...####≈≈
#....≈≈≈≈≈@≈∩#.ooo...#∩≈≈≈≈
#.......≈≈≈≈#########≈≈≈≈#
#.......≈≈≈≈≈≈≈≈≈≈≈≈≈≈#
###........≈≈≈≈≈≈≈≈≈#
####(............##
####......∩..##
###.......## ####.....##
####...##


You could see 3 orc warriors, an orc and 5 kobolds.

Vanquished Creatures
  An orc knight (Bailey)
  3 humans (D:6)
  2 orc warriors
  2 black bears (D:7)
  A phantom (D:8)
  An ogre (D:7)
  A big kobold (D:8)
  4 bullfrogs
  5 wights (D:7)
  A crimson imp (D:6)
  A howler monkey (D:8)
  A quasit (D:8)
  A bullfrog zombie (D:8)
  A centaur zombie (D:6)
  A hound (D:5)
  2 orc priests
  2 bullfrog skeletons
  An orc wizard (D:8)
  3 worker ants
  2 hound skeletons (D:8)
  Robin (D:4)
  2 adders
  4 gnolls (D:8)
  A shadow imp (D:6)
  An adder skeleton (D:4)
  9 orcs
  A giant cockroach (D:7)
  14 goblins
  6 hobgoblins
  4 jackals (D:6)
  A quokka (D:6)
  A ball python (D:4)
  3 bats (D:1)
  2 frilled lizards
  10 kobolds
  A quokka zombie (D:7)
  2 rats (D:2)
99 creatures vanquished.

Notes
Turn   | Place    | Note
-------+----------+-------------------------------------------
     0 | D:1      | Mgcat the Hill Orc Berserker began the quest for the Orb.
     0 | D:1      | Reached XP level 1. HP: 19/19 MP: 1/1
   323 | D:2      | Reached XP level 2. HP: 23/26 MP: 2/2
   398 | D:3      | Noticed a bullfrog
   402 | D:3      | Killed a bullfrog
   402 | D:3      | Reached skill level 6 in Axes
   402 | D:3      | Reached XP level 3. HP: 31/31 MP: 3/3
   402 | D:3      | Reached XP level 4. HP: 39/39 MP: 4/4
   593 | D:4      | Noticed Robin
   616 | D:4      | Killed Robin
   618 | D:4      | Reached skill level 7 in Axes
   642 | D:4      | Reached ** piety under Trog
   867 | D:5      | Entered Level 5 of the Dungeon
   876 | D:5      | Found a shadowy altar of Dithmenos.
   909 | D:5      | Reached XP level 5. HP: 44/45 MP: 5/5
  1041 | D:6      | Noticed a human
  1042 | D:6      | Noticed a human
  1042 | D:6      | Noticed a human
  1051 | D:6      | Killed a human
  1051 | D:6      | Reached skill level 9 in Axes
  1051 | D:6      | Reached XP level 6. HP: 51/51 MP: 6/6
  1057 | D:6      | Killed a human
  1057 | D:6      | Reached skill level 10 in Axes
  1057 | D:6      | Reached XP level 7. HP: 57/57 MP: 7/7
  1071 | D:6      | Killed a human
  1259 | D:6      | Reached skill level 11 in Axes
  1492 | D:7      | Reached skill level 12 in Axes
  1492 | D:7      | Reached XP level 8. HP: 64/64 MP: 8/8
  1649 | D:7      | Reached skill level 13 in Axes
  1825 | D:8      | Reached *** piety under Trog
  2110 | D:8      | Reached skill level 14 in Axes
  2139 | D:8      | Gained mutation: You are partially covered in rugged brown scales. (AC +1, +3% HP) [potion of mutation]
  2139 | D:8      | Gained mutation: You are partially covered in molten scales. (AC +2) [potion of mutation]
  2139 | D:8      | Gained mutation: You are covered in fur. (AC +1) [potion of mutation]
  2156 | D:8      | Reached XP level 9. HP: 57/72 MP: 9/9
  2813 | D:9      | Found a flagged portal.
  2828 | Bailey   | Entered a bailey
  2873 | Bailey   | Noticed an orc knight
  2921 | Bailey   | Killed an orc knight
  2921 | Bailey   | Reached skill level 15 in Axes
  2929 | Bailey   | HP: 21/108 [orc warrior/war axe (31)]
  2931 | Bailey   | Mangled by an orc warrior

Vault maps used:
D:1:      dpeg_arrival_rooms_with_view
D:2:      lemuel_crystal_altar, chequers_ecumenical_altar_grove
D:3:      gammafunk_temple_overflow_arena, first_ration
D:4:      nicolae_gozag_seed_capital, gup_ossuary_entry_pyramid,
          kennysheep_pointless_box, nicolae_tso_carved_into_rock,
          uniq_crazy_yiuf_cottage, uniq_eustachio, uniq_robin
D:5:      makhleb_grotto_becter, minmay_door_square,
          nicolae_dithmenos_shadow_blocks
D:6:      minmay_temple_entry_overgrown, minmay_ruffians
D:7:      old_standard_altar, serial_bayou_ford_a
D:9:      lemuel_doored_altar, enter_bailey_3
Bailey:   bailey_axe_4, bailey

Skill      XL: |  1  2  3  4  5  6  7  8  9 |
---------------+----------------------------+-----
Axes           | 6 7 9 10 12 14 15 | 15.6
Fighting       | |  3.6
Armour         | |  2.1
Dodging        | |  1.5

Action                   |  1- 3 |  4- 6 |  7- 9 || total
-------------------------+-------+-------+-------++-------
Melee: Hand axe          |    33 |       |       ||    33
       War axe           |       |    70 |   233 ||   303
Throw: Tomahawk          |       |       |    32 ||    32
Invok: Berserk           |     1 |     2 |     6 ||     9
       Trog's Hand       |       |       |     1 ||     1
 Abil: Evoke Flight      |       |       |     1 ||     1
  Use: Potion            |       |       |     6 ||     6
       Scroll            |       |       |     4 ||     4
 Stab: Invisible         |       |       |     3 ||     3
  Eat: Chunk             |       |     2 |    13 ||    15
Armor: Animal skin       |     4 |     5 |       ||     9
       Plate armour      |       |    14 |   180 ||   194
Dodge: Dodged            |    22 |    29 |    92 ||   143

Table legend:
 A = Spawn XP
 B = Non-spawn XP
 C = Spawn XP percentage of total XP
 D = Spawn monster count
 E = Non-spawn monster count
 F = Spawn count percentage of total count
 G = Total turns spent on level
                    A         B        C        D         E        F      G
               +---------+---------+-------+---------+---------+-------+---------
         Total |       0 |    3495 |   0.0 |       0 |      99 |   0.0 |  2931
               +---------+---------+-------+---------+---------+-------+---------
           D:1 |       0 |       9 |   0.0 |       0 |       7 |   0.0 |   317
           D:2 |       0 |       7 |   0.0 |       0 |       5 |   0.0 |    81
           D:3 |       0 |      96 |   0.0 |       0 |       1 |   0.0 |   189
           D:4 |       0 |      41 |   0.0 |       0 |      14 |   0.0 |   280
           D:5 |       0 |      43 |   0.0 |       0 |       1 |   0.0 |    69
           D:6 |       0 |     862 |   0.0 |       0 |      18 |   0.0 |   445
           D:7 |       0 |     766 |   0.0 |       0 |      17 |   0.0 |   331
           D:8 |       0 |     937 |   0.0 |       0 |      23 |   0.0 |  1038
           D:9 |       0 |       8 |   0.0 |       0 |       4 |   0.0 |    78
        Bailey |       0 |     726 |   0.0 |       0 |       9 |   0.0 |   103
               +---------+---------+-------+---------+---------+-------+---------

Vault maps used:
D:1:      dpeg_arrival_rooms_with_view
D:2:      lemuel_crystal_altar, chequers_ecumenical_altar_grove
D:3:      gammafunk_temple_overflow_arena, first_ration
D:4:      nicolae_gozag_seed_capital, gup_ossuary_entry_pyramid,
          kennysheep_pointless_box, nicolae_tso_carved_into_rock,
          uniq_crazy_yiuf_cottage, uniq_eustachio, uniq_robin
D:5:      makhleb_grotto_becter, minmay_door_square,
          nicolae_dithmenos_shadow_blocks
D:6:      minmay_temple_entry_overgrown, minmay_ruffians
D:7:      old_standard_altar, serial_bayou_ford_a
D:9:      lemuel_doored_altar, enter_bailey_3
Bailey:   bailey_axe_4, bailey

Table legend:
 A = Turns spent in this place as a percentage of turns spent in the entire game.
 B = Non-inter-level travel turns spent in this place as a percentage of non-inter-level travel turns spent in the entire game.
 C = Inter-level travel turns spent in this place as a percentage of turns spent in this place.
 D = Turns resting spent in this place as a percentage of non-inter-level travel turns spent in this place.
 E = Turns spent auto-exploring this place as a percentage of non-inter-level travel turns spent in this place.
 F = Non-inter-level travel turns spent in this place divided by the number of levels of this place that you've seen.
                   A       B       C       D       E      F
               +-------+-------+-------+-------+-------+----------------------
         Total | 100.0 | 100.0 |   3.4 |  13.2 |  58.9 | 283.0
       Dungeon |  96.5 |  96.4 |   3.6 |  13.7 |  60.7 | 303.0
        Bailey |   3.5 |   3.6 |   0.0 |   0.0 |  13.6 | 103.0
               +-------+-------+-------+-------+-------+----------------------

Table legend:
 A = Kills in this place as a percentage of kills in entire the game.
 B = Kills by you in this place as a percentage of kills by you in the entire game.
 C = Kills by friends in this place as a percentage of kills by friends in the entire game.
 D = Other kills in this place as a percentage of other kills in the entire game.
 E = Experience gained in this place as a percentage of experience gained in the entire game.
 F = Experience gained in this place divided by the number of levels of this place that you have seen.
                   A       B       C       D       E      F
               +-------+-------+-------+-------+-------+----------------------
         Total | 100.0 | 100.0 |   N/A |   N/A | 100.0 | 349.5
       Dungeon |  90.9 |  90.9 |   N/A |   N/A |  79.2 | 307.7
        Bailey |   9.1 |   9.1 |   N/A |   N/A |  20.8 | 726.0
               +-------+-------+-------+-------+-------+----------------------
